 Dungeon Crawl Stone Soup version 0.29.1-12-g30fa7ad0bf (webtiles) character file.

Game seed: 5017472465046308366

12 hawla the Chiller (level 2, -11/20 HPs)
             Began as a Meteoran Ice Elementalist on Jan 8, 2023.
             Mangled by a mummy (12 damage)
             ... on level 4 of the Dungeon.
             The game lasted 00:01:32 (191 turns).

hawla the Chiller (Meteoran Ice Elementalist)        Turns: 191, Time: 00:01:32

Health: -11/20     AC:  2    Str:  7 (9)  XL:     2   Next: 64%
Magic:  6/6        EV: 12    Int: 14 (16) God:
Gold:   0          SH:  0    Dex: 11 (14) Spells: 5/6 levels left

rFire   . . .      SeeInvis .   e - +0 short sword
rCold   . . .      Faith    .   (no shield)
rNeg    . . .      Spirit   .   a - +0 robe
rPois   .          Reflect  .   (no helmet)
rElec   .          Harm     .   (no cloak)
rCorr   .          Rampage  .   (no gloves)
Will    +....                   (no boots)
Stlth   +.........              (no amulet)
HPRegen 0.06/turn               d - ring of willpower
MPRegen 0.10/turn               (no ring)

@: glowing
A: sense surroundings 1, otherworldly, glowing, explore regen
a: no special abilities


You were on level 4 of the Dungeon.
You visited 1 branch of the dungeon, and saw 4 of its levels.

Inventory:

Hand Weapons
 e - a +0 short sword (weapon)
Armour
 a - a +0 robe (worn)
Jewellery
 d - a ring of willpower (left hand)
Scrolls
 f - a scroll of identify {unknown}
Potions
 b - a potion of magic


   Skills:
 + Level 2.5 Dodging
 - Level 1.4 Stealth
 + Level 2.9 Spellcasting
 + Level 4.8 Ice Magic


You had 5 spell levels left.
You knew the following spells:

 Your Spells              Type           Power      Damage    Failure   Level
a - Freeze                Ice            60%        1d8       3%          1

Your spell library contained the following spells:

 Spells                   Type           Power      Damage    Failure   Level
 Frozen Ramparts          Ice            30%        1d5       9%          3
 Ozocubu's Armour         Ice            15%        N/A       9%          3
 Hailstorm                Conj/Ice       8%         3d4       61%         4


Dungeon Overview and Level Annotations

Branches:
Dungeon (4/15) Zot: 2209
 Temple: D:4-7

Altars:

Shops:
D:3 (

Portals:
Ossuary: D:4


Innate Abilities, Weirdness & Mutations

You passively map a small area around you.
You are easily found by Zot.
You glow in the dark.
You regain HP and MP as you explore.


Message History

Casting: Freeze (safe; 2% risk of failure)
Confirm with . or Enter, or press ? or * to list all spells.
Aiming: Freeze (safe; 2% risk of failure)
Press: ? - help, Shift-Dir - straight line, f/p - orc
Aim: an orc, wielding a +0 short sword (heavily wounded)
You freeze the orc.
The orc is heavily wounded.
The orc hits you with a +0 short sword.
Casting: Freeze (safe; 2% risk of failure)
Confirm with . or Enter, or press ? or * to list all spells.
Aiming: Freeze (safe; 2% risk of failure)
Press: ? - help, Shift-Dir - straight line, f/p - orc
Aim: an orc, wielding a +0 short sword (heavily wounded)
You freeze the orc.
You kill the orc!
Things that are here:
a +0 short sword; an orc corpse
e - a +0 short sword (weapon)
You hear the slow hiss of an avalanche of sand nearby.
Setting a skill training target for Short Blades at 12.0.
f - a scroll labelled DETOQU EDDUIHEPT
(D) Dungeon
Where to? (? - help)
Okay, then.
You see here an adder corpse.
You open the door.
A mummy comes into view.
Found a sand-covered staircase.
There is an open door here.
The mummy hits you!
You hit the mummy but do no damage. The mummy hits you.
You barely miss the mummy. You barely miss the mummy. The mummy hits you!
* * * LOW HITPOINT WARNING * * *
It was a potion of degeneration.
There was something very wrong with that liquid.
You feel weakened.
You feel dopey.
You feel clumsy. The mummy hits you!
Ouch! That really hurt!
You die...

* * #...## ##..## ,
#...##### * ** #...##...
* ##########†.......
#######........#....[..#
#.....................##
#.#####'#####.#.......#
#..##..@..##.........##
##..##.M.##..........# **
####...##∩##...........##
* *
#.......###..#####......#
.....##.#..#..## ##.....#
, ##### #......## ##....#
* ###...## ##...## #####
#....# ##....


You could see a mummy.

Vanquished Creatures
  An adder (D:4)
  An orc (D:4)
  A ball python (D:3)
  A kobold (D:2)
4 creatures vanquished.

Notes
Turn   | Place    | Note
-------+----------+-------------------------------------------
     0 | D:1      | hawla the Meteoran Ice Elementalist began the quest for the
                  | Orb.
     0 | D:1      | Reached XP level 1. HP: 14/14 MP: 5/5
    30 | D:3      | Found Taigy's Antique Weapon Boutique.
    67 | D:4      | Reached XP level 2. HP: 20/20 MP: 3/6
   185 | D:4      | Found a sand-covered staircase.
   190 | D:4      | HP: 1/20 [mummy (8)]
   191 | D:4      | Mangled by a mummy

Illustrated notes

Levels and vault maps discovered:
D:1:      doesnt_arrival_eight_statues, layout_loops_ring,
          kennysheep_decorative_pillar
D:2:      layout_loops_ring
D:3:      layout_loops_ring, serial_shops, nicolae_shop_crystal,
          ebering_ecumenical_altar_abandoned, minmay_distorted
D:4:      layout_layer_cave, slow_altar_1, mainiacjoe_overflow_alcove_2,
          minitemple, gup_ossuary_entry_pyramid

Action                   || total
-------------------------++-------
Melee: Short sword       ||     3
 Cast: Freeze            ||     8
  Use: Potion            ||     1
Armor: Robe              ||     1
Dodge: Dodged            ||     5
